Cogmind - Beta 13 @@@ ROGUE MODE // 2024.04.04 @ 13:53:54 Player: SPRING Result: Destroyed by HX-MQ7(R) with Subdweller Laser Performance ------------- Evolutions (0) 0 Regions Visited (2) 400 Robots Destroyed (25) 125 Value Destroyed (546) 546 Prototype IDs (4) 80 Alien Tech Used (0) 0 Bonus (0) 0 TOTAL SCORE: 1151 Bonus ------- None Cogmind --------- Core Integrity 0/250 Matter 300/300 Energy 125/125 System Corruption 2% Temperature Cool (6) Movement Flying (37) Location -10/Subcaves Parts ------- > --- POWER (1) -------- Light Ion Engine > --- PROPULSION (2) --- Improved Flight Unit Improved Flight Unit > --- UTILITY (2) ------ Signal Interpreter Hacking Suite > --- WEAPON (2) ------- Heavy Assault Rifle Mining Claw > --- INVENTORY (5) ---- Light Ion Engine Improved Flight Unit Small Storage Unit Weight Redist. System Makeshift Light Armor Plating Peak State ------------ > --- POWER ------------ Light Ion Engine > --- PROPULSION ------- Improved Flight Unit Improved Flight Unit > --- UTILITY ---------- Signal Interpreter Hacking Suite > --- WEAPON ----------- Heavy Assault Rifle Heavy Assault Rifle > --- INVENTORY -------- Light Ion Engine Improved Flight Unit Small Storage Unit Signal Interpreter Mining Claw [Rating: 15] Favorites ----------- Power Light Ion Engine Engine Light Ion Engine Propulsion Improved Flight Unit Flight Unit Improved Flight Unit Utility Signal Interpreter Device Structural Scanner Processor Signal Interpreter Hackware Hacking Suite Weapon Light Assault Rifle Energy Gun Heavy EM Pulse Gun Ballistic Gun Light Assault Rifle Slashing Weapon Mining Claw Build | -11 -10 -10 ------- Run | Yrd Mat Sub Slots Evolved . | . . . Power . | . . . Propulsion . | . . . Utility . | . . . Weapon . | . . . Parts Attached 29 | . 28 1 Power 6 | . 6 . Engine 6 | . 6 . Core . | . . . Reactor . | . . . Propulsion 6 | . 6 . Treads . | . . . Leg . | . . . Wheel . | . . . Hover . | . . . Flight 6 | . 6 . Utility 4 | . 4 . Device 1 | . 1 . Storage . | . . . Processor 2 | . 2 . Hackware 1 | . 1 . Protection . | . . . Artifact . | . . . Weapon 13 | . 12 1 Energy Gun 4 | . 4 . Energy Cannon . | . . . Ballistic Gun 7 | . 7 . Ballistic Cannon . | . . . Launcher . | . . . Special Weapon . | . . . Impact Weapon . | . . . Slashing Weapon 2 | . 1 1 Piercing Weapon . | . . . Special Melee Weapon . | . . . Unidentified Prototypes 1 | . 1 . Parts Lost 2 | . 2 . Power . | . . . Propulsion . | . . . Utility . | . . . Weapon 2 | . 2 . Highest Loss Streak 1 | . 1 . To Critical Strikes . | . . . Average Slot Usage (%) 89 | . 88 100 Engine 13 | . 13 14 Flight 26 | . 26 28 Device 3 | . 3 . Processor 8 | . 8 14 Hackware 8 | . 7 14 Energy Gun 2 | . 2 . Ballistic Gun 22 | . 22 16 Slashing Weapon 2 | . 1 11 Naked Turns 7 | . 7 . Heaviest Build 10 | . 10 9 Greatest Support 10 | 3 10 10 Greatest Overweight (x) 1 | . 1 . Average Overweight (x) . | . . . Largest Inventory Capacity 5 | 5 5 5 Average Capacity 5 | 5 5 5 Most Carried 5 | . 5 5 Average Carried 4 | . 4 4 Final Capacity 5 | 5 5 5 Final Carried 5 | . 5 5 Class Distribution -------------------- 100% | Mutant Dominant Class ---------------- Mutant | -10/Materials Mutant | -10/Subcaves Resources | -11 -10 -10 ----------- Run | Yrd Mat Sub Matter Collected 728 | . 713 15 Remotely . | . . . Salvage Created 721 | . 721 . Parts 64 | . 64 . Haulers Intercepted 2 | . 2 . Recyclers Shooed 1 | . 1 . Parts Field Recycled . | . . . Retrieved Matter . | . . . Parts Self-Destructed . | . . . Prevented . | . . . Kills | -11 -10 -10 ------- Run | Yrd Mat Sub Combat Hostiles Destroyed 16 | . 16 . Guns 15 | . 15 . Classes Destroyed 6 | . 6 . Hauler 2 | . 2 . Mechanic 1 | . 1 . Operator 3 | . 3 . Watcher 3 | . 3 . Swarmer 6 | . 6 . Grunt 10 | . 10 . Best Kill Streak 4 | . 4 . Combat Bots Only 4 | . 4 . Max Kills in Single Turn 2 | . 2 . Gunslinging 1 | . 1 . Exploded . | . . . Melee . | . . . Uniques/NPCs Destroyed . | . . . Combat | -11 -10 -10 -------- Run | Yrd Mat Sub Hostile Shots Fired 75 | . 69 6 Missed 17 | . 16 1 Damage Taken 678 | 4 578 96 Core 254 | 4 193 57 Absorbed by Shields . | . . . Regen/Repaired (Parts) 137 | . 137 . Core Remaining (%) 98 | 98 . . Volleys Fired 91 | . 91 . Largest 2 | . 2 . Hottest 90 | . 90 . Shots Fired 177 | . 177 . Gun 177 | . 177 . Cannon . | . . . Launcher . | . . . Special . | . . . Kinetic 130 | . 130 . Thermal . | . . . Explosive . | . . . Electromagnetic 47 | . 47 . Robot Hit Streak 6 | . 6 . Robot Miss Streak 6 | . 6 . Penetration Max . | . . . Secondary Targets 2 | . 2 . Max Gunslinging Chain 1 | . 1 . Shots Hit Robots 99 | . 96 3 Core Hits 42 | 2 40 . Critical Kills . | . . . Critical Parts Destroyed . | . . . Critical Strikes . | . . . Melee Attacks 7 | . 1 6 Impact . | . . . Slashing 7 | . 1 6 Piercing . | . . . Sneak Attacks . | . . . Combat Hostiles . | . . . Follow-up Attacks . | . . . Damage Inflicted 1283 | 10 1198 75 Guns 1198 | . 1198 . Cannons . | . . . Explosions . | . . . Melee 75 | . . 75 Ramming 10 | 10 . . Kinetic 756 | . 756 . Thermal . | . . . Explosive . | . . . Electromagnetic 442 | . 442 . Impact . | . . . Slashing 75 | . . 75 Piercing . | . . . Highest Corruption 2 | . 2 2 Average Corruption 1 | . 1 2 Corruption Purged . | . . . Corruption Blocked . | . . . Effects 10 | . 9 1 Message Errors 1 | . 1 . Matter Fused 5 | . 5 . Energy Discharges 1 | . . 1 Data Loss (minor) 1 | . 1 . Data Loss (major) 2 | . 2 . Overload Shots . | . . . Overflow Damage . | . . . Projectiles . | . . . Explosions . | . . . Melee . | . . . Knockbacks . | . . . Impact . | . . . Kinetic . | . . . Secondary . | . . . Self-Inflicted Damage 4 | 4 . . Shots . | . . . Rammed 3 | 3 . . Targets Rammed 3 | 3 . . Kicked . | . . . Crushed . | . . . Highest Temperature 489 | . 489 . Average Temperature 84 | . 84 . Received Heat Transfer 288 | . 258 30 Effects 9 | . 9 . Shutdowns 2 | . 2 . Energy Bleed 1 | . 1 . Interference 1 | . 1 . Matter Decay 1 | . 1 . Damage (major) 4 | . 4 . Siege Activations . | . . . Robots Corrupted 1 | . 1 . Combat Hostiles 1 | . 1 . Parts Fried . | . . . Impact Corruptions . | . . . Robots Melted . | . . . Combat Hostiles . | . . . Parts Melted . | . . . Heat Transferred . | . . . Parts Sabotaged . | . . . Parts Stolen . | . . . Parts Stripped . | . . . Power Chain Reactions . | . . . Alert | -11 -10 -10 ------- Run | Yrd Mat Sub Peak Influence 191 | . 191 . Initial . | . . . Average 74 | . 74 . Maximum Alert Level . | . . . Low Security (%) 100 | 100 100 . Level 1 . | . . . Level 2 . | . . . Level 3 . | . . . Level 4 . | . . . Level 5 . | . . . High Security . | . . . Max Security . | . . . Squads Dispatched 5 | . 5 . Investigation 2 | . 2 . Extermination . | . . . Reinforcement 3 | . 3 . Assault . | . . . Garrison . | . . . Intercept . | . . . Searches Triggered . | . . . Construction Impeded . | . . . Haulers Reinforced . | . . . Active Scanning Responses . | . . . Cargo Convoy Interrupts . | . . . Stealth | -11 -10 -10 --------- Run | Yrd Mat Sub Distress Signals 2 | . 2 . Communications Jammed . | . . . Distress Signals . | . . . Times Spotted 31 | . 30 1 Peak Tracking Total 6 | . 6 1 Tactical Retreats . | . . . Traps | -11 -10 -10 ------- Run | Yrd Mat Sub Traps Triggered 2 | . 2 . Indirectly . | . . . Trap Hack Attempts . | . . . Triggered . | . . . Disarmed . | . . . Reprogrammed 3 | . 3 . Reused . | . . . Traps Extracted . | . . . Installed 1 | . . 1 Triggered . | . . . Machines | -11 -10 -10 ---------- Run | Yrd Mat Sub Machines Disabled 2 | . 2 . Max in Single Turn 1 | . 1 . Machines Repaired . | . . . Machines Dismantled . | . . . Machines Sabotaged . | . . . Overloaded Fab Kills . | . . . Hacking | -11 -10 -10 --------- Run | Yrd Mat Sub Machines Accessed 9 | . 9 . Terminals 6 | . 6 . Fabricators . | . . . Repair Stations 1 | . 1 . Recycling Units 2 | . 2 . Scanalyzers . | . . . Garrison Access . | . . . Total Hacks 26 | . 26 . Successful 20 | . 20 . Failed 6 | . 6 . Catastrophic 4 | . 4 . Database Lockouts . | . . . Manual 8 | . 8 . Terminals 14 | . 14 . Fabricators . | . . . Repair Stations 8 | . 8 . Recycling Units 4 | . 4 . Scanalyzers . | . . . Garrison Access . | . . . Terminal Hacks 8 | . 8 . Prototype ID Bank 2 | . 2 . Terminal Index 1 | . 1 . Scanalyzer Index 1 | . 1 . Unreport Threat 1 | . 1 . Reprogram Traps 1 | . 1 . Recall Reinforcements 1 | . 1 . Zone Layout 1 | . 1 . Fabricator Hacks . | . . . Repair Station Hacks 8 | . 8 . Scan Component 4 | . 4 . Repair 4 | . 4 . Recycling Unit Hacks 4 | . 4 . Process 1 | . 1 . Report Inventory 2 | . 2 . Retrieve Matter 1 | . 1 . Scanalyzer . | . . . Garrison Access Hacks . | . . . Unauthorized Hacks . | . . . Terminals . | . . . Fabricators . | . . . Repair Stations . | . . . Recycling Units . | . . . Scanalyzers . | . . . Garrison Access . | . . . Data Cores Recovered . | . . . Used . | . . . Hacking Detections 6 | . 6 . Full Trace Events 3 | . 3 . Feedback Events . | . . . Feedback Blocked . | . . . Robot Schematics Acquired . | . . . Robots Built . | . . . Authchips . | . . . Time . | . . . Total Robot Build Rating . | . . . Part Schematics Acquired . | . . . Parts Built . | . . . Authchips . | . . . Time . | . . . Total Part Build Rating . | . . . Parts Repaired 4 | . 4 . Time 154 | . 154 . Parts Recycled . | . . . Recycled Matter 68 | . 68 . Retrieved Matter 68 | . 68 . Retrieved Components . | . . . Parts Scanalyzed . | . . . Part Schematics Acquired . | . . . Parts Damaged . | . . . Bothacking | -11 -10 -10 ------------ Run | Yrd Mat Sub Used RIF Installer . | . . . Robots Hacked . | . . . Non-combat . | . . . Combat . | . . . Robot Hacks Applied . | . . . Relay Couplers Released . | . . . Fabnet Peak Effective % . | . . . Robots Rewired . | . . . Allies Hacked . | . . . Hacks Repelled . | . . . Allies | -11 -10 -10 -------- Run | Yrd Mat Sub Total Allies . | . . . Largest Group . | . . . Highest-Rated Group . | . . . Highest-Rated Ally . | . . . Total Orders . | . . . Ally Attacks . | . . . Total Damage . | . . . Kills . | . . . Allies Corrupted . | . . . Allies Melted . | . . . Intel | -11 -10 -10 ------- Run | Yrd Mat Sub Robot Analysis Total . | . . . Derelict Logs Recovered . | . . . Drone Launches . | . . . Drone Recoveries . | . . . Exploration | -11 -10 -10 ------------- Run | Yrd Mat Sub Turns Passed 1672 | 14 1529 129 Spaces Moved 1908 | 22 1608 278 Core 35 | 22 13 . Treads . | . . . Legs . | . . . Wheels . | . . . Hover . | . . . Flight 1873 | . 1595 278 Fastest Speed 37 | 50 37 37 Average Speed 37 | 50 37 37 Slowest Speed 110 | 50 110 37 Overloaded Moves . | . . . Propulsion Burnouts . | . . . Robots Hopped 7 | . 7 . Cave-ins Triggered . | . . . Exploration Rate (%) 40 | 3 100 18 Regions Visited 2 Branch Regions 1 Pre-discovered Areas . | . . . Known Exits Taken 1 | . 1 . Unknown Exits Taken 1 | 1 . . Scrap Searched 1 | . . 1 Spaces Dug 1 | . 1 . Terrain Destroyed 1 | . 1 . Melee 1 | . 1 . Projectile . | . . . AOE . | . . . Terrain Rammed . | . . . Walls Destroyed . | . . . Machines Disabled . | . . . Actions | -11 -10 -10 --------- Run | Yrd Mat Sub Total 2685 | 24 2369 292 Wait 611 | . 607 4 Move 1892 | 21 1593 278 Hop 7 | . 7 . Pick Up 20 | . 19 1 Fast Attach 14 | . 14 . Attach 7 | . 6 1 Detach 3 | . 3 . Swap 8 | . 8 . Drop 21 | . 20 1 Fire 91 | . 91 . Melee 7 | . 1 6 Ram 3 | 3 . . Kick . | . . . Crush . | . . . Escape Stasis . | . . . Rewire . | . . . Trap 1 | . . 1 Miscellaneous . | . . . Route ------- -11/Scrapyard -10/Materials (discovered 5 exits: *Mat x3 / [*Min] / *Sub) -10/Subcaves History --------- Turn | Location | Event 3 | -11/Scrapyard | Discovered new exit (range 15) 15 | -11/Scrapyard | Entered Materials 266 | -10/Materials | Discovered new exit (range 15) 317 | -10/Materials | Build established: Mutant 707 | -10/Materials | Discovered new exit (range 2) 707 | -10/Materials | Identified exit to Subcaves 847 | -10/Materials | Discovered new exit (range 14) 895 | -10/Materials | Discovered new exit (range 15) 916 | -10/Materials | Core integrity fell below 50% 1082 | -10/Materials | Repaired Imp. Flight Unit 1135 | -10/Materials | Repaired Imp. Flight Unit 1162 | -10/Materials | Repaired Lgt. Ion Engine 1190 | -10/Materials | Repaired Assault Rifle 1228 | -10/Materials | Discovered new exit (range 15) 1285 | -10/Materials | Identified exit to Materials 1544 | -10/Materials | Entered Subcaves 1558 | -10/Subcaves | Shifting Twisted Machinery released Mak. Light Armor Plating 1559 | -10/Subcaves | Shifting Twisted Machinery released Mak. Light Armor Plating 1666 | -10/Subcaves | Core integrity fell below 20% 1673 | -10/Subcaves | Destroyed by HX-MQ7(R) with Subdweller Laser Last Messages --------------- 01526_ System corrupted: Matter fused (-5). 01528_ K-01 Serf collects debris. 01537_ K-01 Serf cleans the Recycling Unit. LOCATION=SUBCAVES AMBIENT_HEAT=-10 GOAL=ESCAPE 01549_ System corrupted: Energy discharge (-45). Mak. Light Armor Plating falls loose from the Twisted Machinery. Mak. Light Armor Plating falls loose from the Twisted Machinery. 01560_ Dropped Hvy. Assault Rifle. 01562_ Acquired Mak. Light Armor Plating. 01596_ Searching scrap... 01596_ Found Battle Cannon. 01596_ Found Piercing Trap. 01596_ Found 21 Matter. 01597_ Acquired 15 matter. 01598_ Installed Piercing Trap. 01619_ QN-CLN(u) tweaks Twisted Machinery. Map ----- +----------------------------------------------------+ | | | | | | | | | | | ?????????????????????????????????????????????????? | | ?????????????????????????????????????????????????? | | ?????????????????????????????????????????????????? | | ?????????????????????????????????????????????????? | | ?????????????????????????????????????????????????? | | ?????????????????????????????????????????????????? | | ?????????????????????????????????????????????????? | | ?????????????????????????????????????????????????? | | ?????????????????????????????????????????????????? | | ?????????????????????????????????????????????????? | | ?????????????????????????????????????????????????? | | ?????????????????????????????????????????????????? | | ?????????????????????????????????????????????????? | | ?????????????????????????????????????????????????? | | ???????????????????????####??????????????????????? | | ??????????????????????## ###########????????????? | | ??????????????????????# ## #####????????? | | ??????????????????????# #????????? | | ??????????????????????## #?????????? | | ???????????????????????# #???###???? | | ???????? #######R@## ##?## ##??? | | ???????????# ## ### ##?? | | ???????????# ### ## ### | | ??????????# #?# | | ??????????## #?### | | ???????????# ## ##??## | | ?????????? ??## ##???# | | ??????????#### ????###?????# ### | | ?????????????#??????????????# ##?#### | | ????????????????????????????###???### | | ??????????????????????????????????# """" | | ??????????????????????????????????# #### "# # | | ??????????????????????????????????# #??## #### | | ??????????????????????????????????### #???###??# | | ????????????????????????????????????## ##????????# | | ?????????????????????????????????????###?????????? | | ?????????????????????????????????????????????????? | | ?????????????????????????????????????????????????? | | ?????????????????????????????????????????????????? | | ?????????????????????????????????????????????????? | | ?????????????????????????????????????????????????? | | ?????????????????????????????????????????????????? | | ?????????????????????????????????????????????????? | | ?????????????????????????????????????????????????? | | ?????????????????????????????????????????????????? | +----------------------------------------------------+ Best States ------------- Heat Dissipation 25 Energy Generation 12 Energy Capacity 265 Matter Stores 300 Matter Capacity 300 Sight Range 16 Terrain Scan Density 10 Evasion (%) 62 Offensive Hacking 10 Item Schematics ----------------- None Robot Schematics ------------------ None Fabricated ------------ Nothing Alien Tech Used ----------------- None Achievements -------------- None Challenges ------------ None Game ------ Seed ArmageddonPowerTerrabomb Manual? 0 Play Time 00:26:29 Cumulative 22.6 hours Start 2024.04.04 @ 13:26:37 End 2024.04.04 @ 13:53:54 Sessions 1 Manual Loads 0 Difficulty Rogue Special Mode None Game No. 14 Rogue 14 Adventurer 0 Explorer 0 Win Type - Total 0 Types 0/0/0/0/0/0/0/0/0 Lore% 17 Gallery% 20 Achievement% 19 Wizard Run 0 Options --------- Layout 1 ASCII 0 Keyboard 1 Movement Numpad Keybinds 0 Fullscreen 2 Font 32/TamsynBold Map View 50x40 Zoom Use 0% Tactical HUD 1 Map Filters NONE Filters NONE Steam 1 RUN: 8dc4c605-613b-489e-89ae-ebbaba7d4e04